 Dungeon Crawl Stone Soup version 0.30.0-29-ga12c61a403 (webtiles) character file.

Game seed: 5535368243243987314

32160 qw the Protected (level 13, -11/80 HPs)
             Began as a Gargoyle Fighter on June 5, 2023.
             Was a High Priest of Okawaru.
             Mangled by a hog (13 damage)
             ... led by Kirke
             ... on level 5 of the Lair of Beasts.
             The game lasted 00:08:11 (15917 turns).

qw the Protected (Gargoyle Fighter)                Turns: 15917, Time: 00:08:11

Health: -11/80     AC:  0    Str: 23    XL:     13   Next: 62%
Magic:  9/18       EV: 16    Int:  9    God:    Okawaru [*****.]
Gold:   1000       SH:  0    Dex:  9    Spells: 12/12 levels left

rFire   . . .        Y - melded +0 broad axe
rCold   . . .        x - melded +12 tower shield of Futwimae {Int+4}
rNeg    + . .        p - melded +23 crystal plate armour "Dizar" {Rampage rF- rC+ rN+}
rPois   inf          w - melded +1 helmet
rElec   .            l - melded +0 cloak
rCorr   .            s - melded +2 pair of gloves {Stlth+}
SInv    .            y - melded +0 pair of boots
Will    .....        f - amulet of faith
Stlth   +++          A - melded +5 ring of evasion
HPRegen 0.33/turn    u - melded +4 ring of protection
MPRegen 0.16/turn

%: faith
@: about to teleport, pig-form, heroic, finesse-ful, slowed
A: fast, no casting, sickness immunity, AC +9, small, negative energy resistance
1, (electricity resistance), torment resistance 1, petrification resistance,
dopey 1, low MP 1
a: Renounce Religion, Heroism, Finesse, Duel


You were on level 5 of the Lair of Beasts.
You worshipped Okawaru.
Okawaru was extremely pleased with you.
You were a filthy swine.
You visited 3 branches of the dungeon, and saw 17 of its levels.
You also visited: Sewer.

You collected 1030 gold pieces.
You spent 30 gold pieces at shops.


Innate Abilities, Weirdness & Mutations

You are a filthy swine.
You move quickly.
Your equipment is almost entirely melded.
You are incapable of wielding weapons or throwing items.
You cannot cast spells.
You are immune to sickness and miasma.
((Your stone body is resilient. (AC +9)))
You are immune to poison.
You resist negative energy. (rN+)
((You are resistant to electric shocks. (rElec)))
You are resistant to unholy torment.
You are immune to petrification.
You are dopey. (Int -2)
Your magical capacity is low. (-10% MP)


   Skills:
 - Level 9.0(14.0) Fighting
 - Level 12.0(17.0) Axes
 - Level 3.2(8.2) Throwing
 - Level 12.1(17.1) Armour
 - Level 2.1(7.1) Dodging
 + Level 11.1(16.1) Shields
 - Level 10.0 Invocations


You had 12 spell levels left.
You didn't know any spells.
Your spell library was empty.

Inventory:

Hand Weapons
 c - a -1 demon whip of venom
 Y - a +0 broad axe (melded)
Missiles
 j - 12 boomerangs (quivered)
Armour
 l - a +0 cloak (melded)
 p - the +23 crystal plate armour "Dizar" (melded) {Rampage rF- rC+ rN+}
   (You acquired it on level 1 of the Lair of Beasts)

   rF:        It makes you vulnerable to fire.
   rC:        It protects you from cold.
   rN:        It protects you from negative energy.
   Rampage:   It bestows one free step when moving towards enemies.
 s - a +2 pair of gloves of stealth (melded)
 w - a +1 helmet (melded)
 x - the +12 tower shield of Futwimae (melded) {Int+4}
   (You acquired it on level 5 of the Lair of Beasts)

   Int:       It affects your intelligence (+4).
 y - a +0 pair of boots (melded)
Jewellery
 f - an amulet of faith (around neck)
 i - an amulet of guardian spirit
 q - a ring of ice
 r - a ring of ice
 u - a +4 ring of protection (melded)
 A - a +5 ring of evasion (melded)
Wands
 o - a wand of digging (4)
Scrolls
 g - 3 scrolls of teleportation
 m - 6 scrolls of identify
Potions
 a - 2 potions of attraction
 b - 5 potions of lignification
 d - 2 potions of might
 e - a potion of resistance
 k - 3 potions of haste
 n - 9 potions of curing
 t - 2 potions of heal wounds
 v - a potion of magic
 z - 2 potions of mutation

Dungeon Overview and Level Annotations

Branches:
Dungeon (11/15)            Temple (1/1) D:4            Lair (5/5) D:11
  Swamp (0/4) Lair:3       Spider (0/4) Lair:3        Slime (0/5) Lair:4
    Orc (0/2) D:9           Sewer (visited)

Altars:
Ashenzari
Cheibriados
Dithmenos
Elyvilon
Fedhas
Gozag
Hepliaklqana
Kikubaaqudgha
Makhleb
Nemelex Xobeh
Okawaru
Qazlal
Ru
Sif Muna
Trog
Uskayaw
Vehumet
Wu Jian
Xom
Yredelemnul
Zin
The Shining One
Jiyva

Shops:
D:1 [   D:4 *   D:7 *

Annotations:
D:3 1 runed translucent door, Crazy Yiuf
D:6 3 runed translucent doors, qw's ghost, novice GrFi
D:9 1 runed translucent door, qw's ghost, novice GrFi
Lair:5 Kirke; Rupert


Message History

You closely miss Kirke. You hit the hog. You slash the plant!
You miss the tyrant leech. You block the hog's attack.
You closely miss the tyrant leech.
The tyrant leech is heavily wounded.
You barely miss the cane toad. You slice the hog!! You barely miss the hog.
You hit the plant. You barely miss Kirke.
A nearby plant withers and dies.
You block the hog's attack. Kirke gestures at you while chanting.
You turn into a filthy swine.
Your +0 broad axe melds into your body.
Your +0 cloak melds into your body.
Your +1 helmet melds into your body.
Your +2 pair of gloves of stealth melds into your body.
Your +0 pair of boots melds into your body.
The +12 tower shield of Futwimae {Int+4} melds into your body.
The +23 crystal plate armour "Dizar" {Rampage rF- rC+ rN+} melds into your body.
Your +5 ring of evasion melds into your body.
Your +4 ring of protection melds into your body.
You feel less stealthy. The tyrant leech barely misses you.
You closely miss the hog.
The hog is severely wounded.
A vampire mosquito comes into view.
The cane toad stings you!! The hog completely misses you.
You hear a croak.
You bite the hog!
The hog is almost dead.
A blink frog comes into view.
The hog misses you.
A wolf spider comes into view.
You closely miss the hog.
The hog is almost dead.
The hog splashes around in the water.
Kirke casts a spell at you.
You feel yourself slow down. The cane toad barely misses you.
The hog completely misses you. The tyrant leech bites you!!
15917 ||| READING 4 scrolls of teleportation.
As you read the scroll of teleportation, it crumbles to dust.
You feel strangely unstable. The hog misses you. The hog barely misses you.
The hog splashes around in the water.
The hog bites you!
You die...

........ ..
......#.^.
..........
....#.... .
.Y.......
...####F..P.#..
~.P...h@h......
~~~...~hh..#
~~~..PwFh......
~~~~~..F......#
~~~~~~~..#..#..
~~~y~P.........
~~~~~~..~?.....
~~~~~~sP... ...
~~~~~~........#


You could see Kirke, a catoblepas, a tyrant leech, a wolf spider, a cane toad, 4
hogs, 2 blink frogs and a vampire mosquito.

Vanquished Creatures
  A fire dragon (Lair:1)
  Josephine (D:11)
  A catoblepas (Lair:4)
  A two-headed ogre (D:11)
  A boulder beetle (Lair:1)
  3 death yaks (Lair:3)
  Amaemon (D:8)
  2 bog bodies (Lair:3)
  A manticore (D:10)
  4 black mambas
  An orange demon (D:8)
  4 rime drakes
  9 cane toads
  7 komodo dragons
  4 trolls
  2 hornets
  A polar bear (Lair:1)
  12 blink frogs
  Sigmund (D:2)
  A culicivora (Lair:3)
  33 yaks
  3 jumping spiders (Lair:3)
  6 wraiths
  2 shadows
  3 hogs (Lair:5)
  4 wyverns
  A steam dragon (D:8)
  2 basilisks
  Grum (D:11)
  3 redbacks (Lair:3)
  2 swamp worms (Lair:3)
  An acid dragon (D:11)
  8 water moccasins
  3 ice beasts
  4 orc warriors
  2 sky beasts
  9 wolves
  2 black bears
  A centaur (D:8)
  3 ogres
  2 kobold brigands
  A phantom (D:7)
  10 bullfrogs
  3 gnoll sergeants
  5 scorpions
  5 wights (D:9)
  4 howler monkeys
  2 electric eels
  8 hounds
  A gnoll bouda (Lair:1)
  5 orc priests
  A jelly (D:6)
  Jessica (D:2)
  2 iguanas
  11 orc wizards
  3 sleepcaps
  13 gnolls
  10 adders
  5 river rats
  3 shadow imps
  A white imp (D:7)
  An ufetubus (D:6)
  2 worms
  2 dart slugs
  46 orcs
  3 ball pythons
  7 endoplasms
  3 giant cockroaches
  3 goblins (D:3)
  6 hobgoblins
  17 jackals
  2 quokkas (D:2)
  A bat (D:2)
  4 frilled lizards
  14 kobolds
  6 rats
364 creatures vanquished.

Vanquished Creatures (others)
  A kobold brigand (D:8)
1 creature vanquished.

Grand Total: 365 creatures vanquished

Notes
Turn   | Place    | Note
-------+----------+-------------------------------------------
     0 | D:1      | qw the Gargoyle Fighter began the quest for the Orb.
     0 | D:1      | Reached XP level 1. HP: 14/14 MP: 1/1
     0 | D:1      | 0 ||| qw: Version: 0.2-a-108-gee2c290
     0 | D:1      | 0 ||| qw: Game counter: 1466
     0 | D:1      | 0 ||| qw: Always use a shield: true
     0 | D:1      | 0 ||| qw: God list: Okawaru
     0 | D:1      | 0 ||| qw: Allow faded altars: false
     0 | D:1      | 0 ||| qw: Do Orc after D:15 true
     0 | D:1      | 0 ||| qw: Do second Lair branch before Depths: true
     0 | D:1      | 0 ||| qw: Lair rune preference: random
     0 | D:1      | 0 ||| qw: Plans: Normal, Zot:1-4, Slime:5, God:TSO, Crypt,
                  | Tomb, Abyss, Pan, Hells, Win
     0 | D:1      | 0 ||| PLANNING D:1-11
   166 | D:1      | 166 ||| Stepping ~*~*~tactically~*~*~ (stealth).
   180 | D:1      | Reached XP level 2. HP: 9/19 MP: 2/2
   220 | D:1      | Found a faded altar of an unknown god.
   326 | D:1      | Found Guapowis's Antique Armour Boutique.
   340 | D:1      | 340 ||| SHOPLISTING pair of boots (94 gold, have 14).
   340 | D:1      | 340 ||| SHOPLISTING shiny buckler (157 gold, have 14).
   718 | D:1      | 718 ||| UPGRADING to +0 chain mail.
   728 | D:1      | 728 ||| DROPPING +0 scale mail.
   729 | D:1      | 729 ||| READING scroll labelled KYIXUI WEUGYANT.
   730 | D:1      | 730 ||| DRINKING 3 green potions.
   730 | D:1      | Gained mutation: You are clumsy. (Dex -2) [potion of
                  | mutation]
   730 | D:1      | Gained mutation: You are vulnerable to heat. (rF-) [potion
                  | of mutation]
   730 | D:1      | Gained mutation: Your flesh is cold resistant. (rC+)
                  | [potion of mutation]
   731 | D:1      | 731 ||| DRINKING 2 potions of mutation.
   731 | D:1      | Lost mutation: You are clumsy. (Dex -2) [potion of
                  | mutation]
   731 | D:1      | Lost mutation: Your flesh is cold resistant. (rC+) [potion
                  | of mutation]
   731 | D:1      | Lost mutation: You are vulnerable to heat. (rF-) [potion of
                  | mutation]
   731 | D:1      | Gained mutation: You are dopey. (Int -2) [potion of
                  | mutation]
   731 | D:1      | Gained mutation: You occasionally lose the ability to drink
                  | potions when taking damage. [potion of mutation]
   731 | D:1      | Gained mutation: You are weak. (Str -2) [potion of
                  | mutation]
   732 | D:1      | 732 ||| DRINKING potion of mutation.
   732 | D:1      | Lost mutation: You occasionally lose the ability to drink
                  | potions when taking damage. [potion of mutation]
   732 | D:1      | Lost mutation: You are weak. (Str -2) [potion of mutation]
   732 | D:1      | Gained mutation: Your magical capacity is low. (-10% MP)
                  | [potion of mutation]
   767 | D:2      | Reached skill level 3 in Axes
   767 | D:2      | Reached XP level 3. HP: 23/23 MP: 2/2
   785 | D:2      | 785 ||| DROPPING +0 whip.
   905 | D:2      | 905 ||| Stepping ~*~*~tactically~*~*~ (hiding).
  1075 | D:2      | Noticed Jessica
  1082 | D:2      | 1082 ||| FLEEEEING.
  1083 | D:2      | 1083 ||| FLEEEEING.
  1087 | D:2      | 1087 ||| FLEEEEING.
  1095 | D:2      | Killed Jessica
  1096 | D:2      | Reached XP level 4. HP: 20/28 MP: 3/3
  1466 | D:2      | Noticed Sigmund
  1471 | D:2      | Killed Sigmund
  1472 | D:2      | Reached XP level 5. HP: 24/32 MP: 4/4
  1472 | D:2      | Reached XP level 6. HP: 28/37 MP: 5/5
  1614 | D:2      | 1614 ||| UPGRADING to +6 ring of strength.
  1615 | D:2      | 1615 ||| READING scroll labelled ROTUMUYROE.
  1616 | D:2      | 1616 ||| READING 2 scrolls labelled QIUSUAGOOSCH.
  1620 | D:2      | 1620 ||| READING scroll labelled COBOKAOBIM.
  1669 | D:3      | 1669 ||| PLANNING SEWER
  1773 | D:3      | Reached skill level 1 in Throwing
  1992 | D:3      | Found a glowing drain.
  1995 | D:3      | 1995 ||| UPGRADING to amulet of guardian spirit.
  2000 | D:3      | 2000 ||| READING scroll labelled XOISIT ZESH.
  2001 | D:3      | 2001 ||| READING scroll labelled YLEKHUEQUME.
  2002 | D:3      | 2002 ||| DRINKING 2 yellow potions.
  2003 | D:3      | 2003 ||| DROPPING potion of brilliance.
  2012 | Sewer    | Entered a sewer
  2082 | Sewer    | 2082 ||| Stepping ~*~*~tactically~*~*~ (water).
  2171 | Sewer    | 2171 ||| Stepping ~*~*~tactically~*~*~ (water).
  2225 | Sewer    | Reached skill level 6 in Axes
  2245 | Sewer    | 2245 ||| Stepping ~*~*~tactically~*~*~ (water).
  2317 | Sewer    | Reached XP level 7. HP: 41/43 MP: 6/6
  2482 | Sewer    | Reached skill level 1 in Dodging
  2631 | Sewer    | 2631 ||| READING scroll labelled UMECSO BERAD.
  2632 | Sewer    | 2632 ||| DRINKING 2 bubbling purple potions.
  2637 | D:3      | 2637 ||| PLANNING D:1-11
  2671 | D:3      | Found a runed translucent door.
  2672 | D:3      | Noticed Crazy Yiuf
  2763 | D:3      | 2763 ||| FLEEEEING.
  2764 | D:3      | 2764 ||| FLEEEEING.
  2765 | D:3      | 2765 ||| FLEEEEING.
  2766 | D:3      | 2766 ||| FLEEEEING.
  2767 | D:3      | 2767 ||| FLEEEEING.
  2768 | D:3      | 2768 ||| FLEEEEING.
  2769 | D:3      | 2769 ||| FLEEEEING.
  2770 | D:3      | 2770 ||| FLEEEEING.
  2772 | D:3      | 2772 ||| FLEEEEING.
  2773 | D:3      | 2773 ||| FLEEEEING.
  2774 | D:3      | 2774 ||| FLEEEEING.
  2775 | D:3      | 2775 ||| FLEEEEING.
  2933 | D:3      | 2933 ||| Stepping ~*~*~tactically~*~*~ (stealth).
  2972 | D:3      | 2972 ||| Stepping ~*~*~tactically~*~*~ (stealth).
  2973 | D:3      | 2973 ||| Stepping ~*~*~tactically~*~*~ (stealth).
  3302 | D:3      | 3302 ||| DRINKING 2 golden potions.
  3337 | D:4      | 3337 ||| Stepping ~*~*~tactically~*~*~ (stealth).
  3394 | D:4      | 3394 ||| DROPPING +1 mace of protection.
  3437 | D:4      | 3437 ||| Stepping ~*~*~tactically~*~*~ (stealth).
  3470 | D:4      | Found a staircase to the Ecumenical Temple.
  3471 | D:4      | 3471 ||| PLANNING TEMPLE
  3479 | D:4      | Reached XP level 8. HP: 49/49 MP: 7/7
  3482 | Temple   | Entered the Ecumenical Temple
  3482 | Temple   | Found a transporter.
  3482 | Temple   | Found a transporter.
  3484 | Temple   | Found a transporter.
  3484 | Temple   | Found a transporter.
  3494 | Temple   | 3494 ||| PLANNING D:1-11
  3531 | D:4      | 3531 ||| Stepping ~*~*~tactically~*~*~ (stealth).
  3630 | D:4      | 3630 ||| Stepping ~*~*~tactically~*~*~ (stealth).
  3631 | D:4      | 3631 ||| Stepping ~*~*~tactically~*~*~ (stealth).
  3633 | D:4      | 3633 ||| Stepping ~*~*~tactically~*~*~ (stealth).
  3781 | D:4      | 3781 ||| Stepping ~*~*~tactically~*~*~ (stealth).
  4120 | D:4      | Found Xadwuv's General Store.
  4125 | D:4      | 4125 ||| BUYING potion of attraction (30 gold).
  4125 | D:4      | Bought a potion of attraction for 30 gold pieces
  4125 | D:4      | 4125 ||| UPGRADING to +2 pair of gloves of stealth.
  4130 | D:4      | 4130 ||| UPGRADING to +0 plate armour.
  4140 | D:4      | 4140 ||| DROPPING +0 chain mail.
  4141 | D:4      | 4141 ||| UPGRADING to ring of positive energy.
  4142 | D:4      | 4142 ||| DRINKING 2 red potions.
  4148 | D:4      | 4148 ||| READING 3 scrolls of identify.
  4148 | D:4      | 4148 ||| IDENTIFYING viscous grey potion
  4149 | D:4      | 4149 ||| READING 2 scrolls of identify.
  4149 | D:4      | 4149 ||| IDENTIFYING fizzy white potion
  4150 | D:4      | 4150 ||| DROPPING potion of ambrosia.
  4170 | D:5      | Entered Level 5 of the Dungeon
  4224 | D:5      | Found an iron altar of Okawaru.
  4225 | D:5      | 4225 ||| PLANNING OKAWARU WORSHIP
  4225 | D:5      | 4225 ||| UPGRADING to amulet of faith.
  4235 | D:5      | 4235 ||| DROPPING amulet of guardian spirit.
  4236 | D:5      | 4236 ||| READING 2 scrolls of identify.
  4236 | D:5      | 4236 ||| IDENTIFYING bubbling blue potion
  4237 | D:5      | 4237 ||| DROPPING potion of degeneration.
  4242 | D:5      | Became a worshipper of Warmaster Okawaru
  4242 | D:5      | 4242 ||| PLANNING D:1-11
  4556 | D:5      | 4556 ||| Stepping ~*~*~tactically~*~*~ (stealth).
  4725 | D:5      | Found a blossoming altar of Fedhas.
  4838 | D:5      | 4838 ||| UPGRADING to +0 cloak.
  4843 | D:5      | 4843 ||| READING scroll labelled VUMUJEVOFU.
  4844 | D:5      | 4844 ||| DRINKING 2 pink potions.
  4889 | D:6      | 4889 ||| Stepping ~*~*~tactically~*~*~ (stealth).
  4890 | D:6      | 4890 ||| Stepping ~*~*~tactically~*~*~ (stealth).
  4895 | D:6      | 4895 ||| Stepping ~*~*~tactically~*~*~ (stealth).
  4896 | D:6      | 4896 ||| Stepping ~*~*~tactically~*~*~ (stealth).
  4897 | D:6      | 4897 ||| Stepping ~*~*~tactically~*~*~ (stealth).
  4975 | D:6      | 4975 ||| Stepping ~*~*~tactically~*~*~ (stealth).
  4978 | D:6      | Identified the +2 leather armour "Kutu" {rPois Str+3
                  | Slay+6}
  4979 | D:6      | 4979 ||| Stepping ~*~*~tactically~*~*~ (hiding).
  5238 | D:6      | Reached * piety under Okawaru
  5239 | D:6      | Reached skill level 6 in Fighting
  5261 | D:6      | 5261 ||| INVOKING Heroism.
  5369 | D:6      | Found a radiant altar of Vehumet.
  5404 | D:6      | Found a runed translucent gate.
  5416 | D:6      | Reached skill level 1 in Invocations
  5433 | D:6      | Found a runed translucent gate.
  5435 | D:6      | Found a runed translucent gate.
  5465 | D:6      | 5465 ||| INVOKING Heroism.
  5475 | D:6      | Reached XP level 9. HP: 50/55 MP: 5/8
  5497 | D:6      | Noticed qw's ghost (novice GrFi)
  5575 | D:6      | 5575 ||| INVOKING Heroism.
  6012 | D:6      | 6012 ||| UPGRADING to +4 ring of protection.
  6014 | D:6      | 6014 ||| UPGRADING to +6 ring of strength.
  6016 | D:6      | 6016 ||| DROPPING ring of positive energy.
  6017 | D:6      | 6017 ||| READING scroll labelled TACAAVANKO.
  6018 | D:6      | 6018 ||| READING 2 scrolls of identify.
  6018 | D:6      | 6018 ||| IDENTIFYING glowing brown potion
  6019 | D:6      | 6019 ||| DROPPING potion of invisibility.
  6041 | D:7      | 6041 ||| STAIRDANCE
  6085 | D:7      | Found an ornate altar of the Wu Jian Council.
  6112 | D:7      | 6112 ||| FLEEEEING.
  6113 | D:7      | 6113 ||| FLEEEEING.
  6114 | D:7      | 6114 ||| FLEEEEING.
  6115 | D:7      | 6115 ||| FLEEEEING.
  6116 | D:7      | 6116 ||| FLEEEEING.
  6118 | D:7      | 6118 ||| FLEEEEING.
  6119 | D:7      | 6119 ||| FLEEEEING.
  6120 | D:7      | 6120 ||| FLEEEEING.
  6121 | D:7      | 6121 ||| FLEEEEING.
  6122 | D:7      | 6122 ||| STAIRDANCE
  6236 | D:7      | 6236 ||| Stepping ~*~*~tactically~*~*~ (hiding).
  6250 | D:7      | 6250 ||| INVOKING Heroism.
  6256 | D:7      | Reached skill level 3 in Invocations
  6396 | D:7      | Reached skill level 9 in Axes
  6406 | D:7      | Found Isheogoreb's Overcharged Wands.
  6532 | D:7      | Reached ** piety under Okawaru
  6625 | D:7      | 6625 ||| Stepping ~*~*~tactically~*~*~ (stealth).
  6629 | D:7      | 6629 ||| Stepping ~*~*~tactically~*~*~ (hiding).
  6636 | D:7      | 6636 ||| INVOKING Heroism.
  6715 | D:7      | 6715 ||| INVOKING Heroism.
  6754 | D:7      | 6754 ||| INVOKING Heroism.
  6763 | D:7      | Reached skill level 6 in Armour
  6777 | D:7      | 6777 ||| INVOKING Heroism.
  6900 | D:7      | 6900 ||| Stepping ~*~*~tactically~*~*~ (stealth).
  7105 | D:7      | 7105 ||| UPGRADING to +0 kite shield.
  7115 | D:7      | 7115 ||| DROPPING +0 buckler.
  7116 | D:7      | 7116 ||| UPGRADING to +0 helmet.
  7139 | D:8      | 7139 ||| INVOKING Heroism.
  7140 | D:8      | Noticed a hornet
  7150 | D:8      | Killed a hornet
  7151 | D:8      | Reached XP level 10. HP: 38/63 MP: 9/11
  7159 | D:8      | Reached skill level 6 in Shields
  7159 | D:8      | 7159 ||| Stepping ~*~*~tactically~*~*~ (cloud).
  7165 | D:8      | 7165 ||| FLEEEEING.
  7166 | D:8      | 7166 ||| STAIRDANCE
  7433 | D:8      | 7433 ||| INVOKING Heroism.
  7490 | D:8      | 7490 ||| Stepping ~*~*~tactically~*~*~ (hiding).
  7516 | D:8      | Found a burning altar of Makhleb.
  7542 | D:8      | Noticed an orange demon
  7543 | D:8      | Noticed Amaemon
  7544 | D:8      | 7544 ||| INVOKING Heroism.
  7561 | D:8      | HP: 13/63 [orange demon[Amaemon] (9)]
  7562 | D:8      | 7562 ||| READING 5 scrolls of teleportation.
  7563 | D:8      | 7563 ||| DRINKING potion of heal wounds.
  7564 | D:8      | Killed Amaemon
  7564 | D:8      | Reached *** piety under Okawaru
  7565 | D:8      | Reached skill level 3 in Throwing
  7677 | D:8      | 7677 ||| DROPPING +0 morningstar.
  7692 | D:8      | 7692 ||| INVOKING Heroism.
  7752 | D:8      | 7752 ||| SWAPPING to +0 broad axe.
  7753 | D:8      | 7753 ||| DROPPING +1 war axe.
  8136 | D:8      | 8136 ||| Stepping ~*~*~tactically~*~*~ (stealth).
  8144 | D:8      | Killed an orange demon
  8416 | D:9      | Found a runed translucent door.
  8475 | D:9      | Noticed qw's ghost (novice GrFi)
  8541 | D:9      | 8541 ||| Stepping ~*~*~tactically~*~*~ (stealth).
  8550 | D:9      | Reached **** piety under Okawaru
  8551 | D:9      | Reached skill level 9 in Shields
  8554 | D:9      | 8554 ||| INVOKING Heroism.
  8756 | D:9      | 8756 ||| Stepping ~*~*~tactically~*~*~ (hiding).
  8843 | D:9      | Found a staircase to the Orcish Mines.
  8862 | D:9      | Found an opulent altar of Gozag.
  8989 | D:9      | 8989 ||| Stepping ~*~*~tactically~*~*~ (stealth).
  8990 | D:9      | 8990 ||| Stepping ~*~*~tactically~*~*~ (stealth).
  8991 | D:9      | 8991 ||| Stepping ~*~*~tactically~*~*~ (stealth).
  8992 | D:9      | 8992 ||| Stepping ~*~*~tactically~*~*~ (stealth).
  9003 | D:9      | 9003 ||| INVOKING Heroism.
  9129 | D:9      | Reached XP level 11. HP: 67/67 MP: 13/13
  9232 | D:9      | 9232 ||| INVOKING Heroism.
  9245 | D:9      | 9245 ||| FLEEEEING.
  9246 | D:9      | 9246 ||| FLEEEEING.
  9247 | D:9      | 9247 ||| FLEEEEING.
  9248 | D:9      | 9248 ||| FLEEEEING.
  9249 | D:9      | 9249 ||| FLEEEEING.
  9250 | D:9      | 9250 ||| FLEEEEING.
  9251 | D:9      | 9251 ||| FLEEEEING.
  9252 | D:9      | 9252 ||| FLEEEEING.
  9253 | D:9      | 9253 ||| FLEEEEING.
  9254 | D:9      | 9254 ||| FLEEEEING.
  9255 | D:9      | 9255 ||| FLEEEEING.
  9256 | D:9      | 9256 ||| FLEEEEING.
  9257 | D:9      | 9257 ||| INVOKING Heroism.
  9259 | D:9      | HP: 13/67 [troll (10)]
  9260 | D:9      | 9260 ||| READING 4 scrolls of teleportation.
  9520 | D:9      | 9520 ||| INVOKING Heroism.
  9709 | D:9      | 9709 ||| UPGRADING to +0 pair of boots.
  9729 | D:10     | Entered Level 10 of the Dungeon
  9774 | D:10     | Reached skill level 6 in Invocations
  9849 | D:10     | 9849 ||| INVOKING Heroism.
 10054 | D:10     | Noticed a manticore
 10055 | D:10     | 10055 ||| INVOKING Heroism.
 10069 | D:10     | HP: 17/68 [manticore (4)]
 10070 | D:10     | 10070 ||| READING 3 scrolls of teleportation.
 10265 | D:10     | Found a snail-covered altar of Cheibriados.
 10266 | D:10     | 10266 ||| READING 5 scrolls of identify.
 10266 | D:10     | 10266 ||| IDENTIFYING fizzy cyan potion
 10267 | D:10     | 10267 ||| READING 4 scrolls of identify.
 10267 | D:10     | 10267 ||| IDENTIFYING purple potion
 10268 | D:10     | 10268 ||| DROPPING potion of flight.
 10295 | D:10     | 10295 ||| INVOKING Heroism.
 10304 | D:10     | Killed a manticore
 10395 | D:11     | 10395 ||| STAIRDANCE
 10427 | D:11     | Noticed Sonja
 10431 | D:11     | 10431 ||| INVOKING Heroism.
 10444 | D:11     | Noticed a two-headed ogre
 10457 | D:11     | Killed a two-headed ogre
 10467 | D:11     | 10467 ||| INVOKING Heroism.
 10675 | D:11     | Noticed a cyan ugly thing
 10735 | D:11     | Noticed Grum
 10736 | D:11     | 10736 ||| INVOKING Heroism.
 10743 | D:11     | Noticed Josephine
 10757 | D:11     | Killed Josephine
 10757 | D:11     | Received a gift from Okawaru
 10776 | D:11     | Killed Grum
 10776 | D:11     | Reached ***** piety under Okawaru
 10967 | D:11     | 10967 ||| INVOKING Heroism.
 10985 | D:11     | Found a staircase to the Lair.
 11188 | D:11     | 11188 ||| INVOKING Heroism.
 11328 | D:11     | 11328 ||| INVOKING Heroism.
 11338 | D:11     | Received a gift from Okawaru
 11344 | D:11     | 11344 ||| PLANNING LAIR
 11431 | Lair:1   | Entered Level 1 of the Lair of Beasts
 11431 | Lair:1   | Noticed a boulder beetle
 11432 | Lair:1   | 11432 ||| INVOKING Heroism.
 11445 | Lair:1   | Killed a boulder beetle
 11446 | Lair:1   | Reached skill level 9 in Invocations
 11446 | Lair:1   | Reached XP level 12. HP: 73/73 MP: 14/16
 11469 | Lair:1   | 11469 ||| INVOKING Heroism.
 11472 | Lair:1   | 11472 ||| Stepping ~*~*~tactically~*~*~ (stealth).
 11547 | Lair:1   | Noticed a fire dragon
 11548 | Lair:1   | 11548 ||| INVOKING Heroism.
 11549 | Lair:1   | 11549 ||| INVOKING Finesse.
 11560 | Lair:1   | HP: 16/73 [fire dragon (9)]
 11561 | Lair:1   | 11561 ||| READING 2 scrolls of teleportation.
 11566 | Lair:1   | Killed a fire dragon
 11792 | Lair:1   | 11792 ||| INVOKING Heroism.
 11853 | Lair:1   | 11853 ||| INVOKING Heroism.
 11899 | Lair:1   | 11899 ||| Stepping ~*~*~tactically~*~*~ (stealth).
 11901 | Lair:1   | 11901 ||| Stepping ~*~*~tactically~*~*~ (stealth).
 11903 | Lair:1   | 11903 ||| INVOKING Heroism.
 11976 | Lair:1   | 11976 ||| Stepping ~*~*~tactically~*~*~ (stealth).
 12207 | Lair:1   | 12207 ||| Stepping ~*~*~tactically~*~*~ (hiding).
 12481 | Lair:1   | 12481 ||| Stepping ~*~*~tactically~*~*~ (stealth).
 12483 | Lair:1   | 12483 ||| INVOKING Heroism.
 12915 | Lair:1   | 12915 ||| INVOKING Heroism.
 12940 | Lair:1   | Reached skill level 9 in Fighting
 13131 | Lair:1   | 13131 ||| READING scroll labelled FUARIXZ FODAWK.
 13131 | Lair:1   | Identified a scroll of acquirement
 13131 | Lair:1   | 13131 ||| ACQUIRING +23 crystal plate armour "Dizar"
                  | {Rampage rF- rC+ rN+}
 13131 | Lair:1   | Acquired the +23 crystal plate armour "Dizar" {Rampage rF-
                  | rC+ rN+}
 13133 | Lair:1   | 13133 ||| UPGRADING to +23 crystal plate armour "Dizar"
                  | {Rampage rF- rC+ rN+}.
 13143 | Lair:1   | 13143 ||| DROPPING +0 plate armour.
 13205 | Lair:2   | 13205 ||| Stepping ~*~*~tactically~*~*~ (stealth).
 13211 | Lair:2   | 13211 ||| Stepping ~*~*~tactically~*~*~ (hiding).
 13214 | Lair:2   | 13214 ||| Stepping ~*~*~tactically~*~*~ (hiding).
 13224 | Lair:2   | Identified the +1 scimitar "Horoech" {venom, rC+ Will+}
                  | (Okawaru gifted it to you on level 2 of the Lair of Beasts)
 13224 | Lair:2   | Received a gift from Okawaru
 13626 | Lair:2   | 13626 ||| UPGRADING to +5 ring of evasion.
 13628 | Lair:2   | 13628 ||| UPGRADING to +4 ring of protection.
 13630 | Lair:2   | 13630 ||| DROPPING +6 ring of strength.
 13631 | Lair:2   | 13631 ||| READING scroll labelled TOAD LIELORARR.
 13646 | Lair:3   | Reached skill level 9 in Armour
 13781 | Lair:3   | 13781 ||| INVOKING Heroism.
 14083 | Lair:3   | 14083 ||| Stepping ~*~*~tactically~*~*~ (stealth).
 14084 | Lair:3   | 14084 ||| INVOKING Heroism.
 14113 | Lair:3   | Found a frozen archway.
 14186 | Lair:3   | Noticed a death yak
 14186 | Lair:3   | Noticed a death yak
 14187 | Lair:3   | 14187 ||| INVOKING Heroism.
 14188 | Lair:3   | 14188 ||| INVOKING Finesse.
 14188 | Lair:3   | Noticed a death yak
 14198 | Lair:3   | Killed a death yak
 14212 | Lair:3   | Killed a death yak
 14213 | Lair:3   | Reached XP level 13. HP: 74/80 MP: 11/18
 14475 | Lair:3   | Found a staircase to the Swamp.
 14476 | Lair:3   | 14476 ||| INVOKING Heroism.
 14548 | Lair:3   | Found a hole to the Spider Nest.
 14549 | Lair:3   | 14549 ||| READING scroll labelled CAUS KIATUU.
 14659 | Lair:3   | 14659 ||| Stepping ~*~*~tactically~*~*~ (stealth).
 14660 | Lair:3   | 14660 ||| Stepping ~*~*~tactically~*~*~ (stealth).
 14887 | Lair:3   | 14887 ||| READING scroll labelled QISHRO YVAURCHUO.
 14909 | Lair:4   | 14909 ||| Stepping ~*~*~tactically~*~*~ (stealth).
 14917 | Lair:4   | 14917 ||| Stepping ~*~*~tactically~*~*~ (stealth).
 14918 | Lair:4   | 14918 ||| INVOKING Heroism.
 14992 | Lair:4   | Reached skill level 12 in Axes
 15143 | Lair:4   | Found a staircase to the Slime Pits.
 15252 | Lair:4   | Found a viscous altar of Jiyva.
 15282 | Lair:4   | 15282 ||| Stepping ~*~*~tactically~*~*~ (hiding).
 15283 | Lair:4   | 15283 ||| INVOKING Heroism.
 15284 | Lair:4   | 15284 ||| INVOKING Finesse.
 15298 | Lair:4   | Reached skill level 12 in Armour
 15510 | Lair:4   | Identified the +5 spear of Scorn {flame, *Slow Fly Will+
                  | Int+4}
 15553 | Lair:4   | 15553 ||| READING scroll of enchant armour.
 15553 | Lair:4   | 15553 ||| ENCHANTING +0 helmet.
 15805 | Lair:5   | Entered Level 5 of the Lair of Beasts
 15828 | Lair:5   | 15828 ||| READING scroll of acquirement.
 15828 | Lair:5   | 15828 ||| ACQUIRING +12 tower shield of Futwimae {Int+4}
 15828 | Lair:5   | Acquired the +12 tower shield of Futwimae {Int+4}
 15830 | Lair:5   | 15830 ||| UPGRADING to +12 tower shield of Futwimae
                  | {Int+4}.
 15840 | Lair:5   | 15840 ||| DROPPING +0 kite shield.
 15842 | Lair:5   | Noticed Rupert
 15843 | Lair:5   | 15843 ||| INVOKING Heroism.
 15844 | Lair:5   | 15844 ||| INVOKING Finesse.
 15883 | Lair:5   | 15883 ||| SWAPPING to -1 demon whip of venom.
 15884 | Lair:5   | 15884 ||| INVOKING Finesse.
 15885 | Lair:5   | Identified the +1 pair of gloves of the Orb Guardian {rElec
                  | Will+ Int-3 Slay+3} (Okawaru gifted it to you on level 5 of
                  | the Lair of Beasts)
 15885 | Lair:5   | Received a gift from Okawaru
 15896 | Lair:5   | HP: 17/80 [six-headed hydra (8)]
 15897 | Lair:5   | 15897 ||| READING 5 scrolls of teleportation.
 15898 | Lair:5   | 15898 ||| DRINKING 3 potions of heal wounds.
 15902 | Lair:5   | 15902 ||| INVOKING Heroism.
 15902 | Lair:5   | Noticed Kirke
 15903 | Lair:5   | 15903 ||| SWAPPING to +0 broad axe.
 15916 | Lair:5   | HP: 2/80 [tyrant leech (22)]
 15917 | Lair:5   | 15917 ||| READING 4 scrolls of teleportation.
 15917 | Lair:5   | Mangled by a hog

Levels and vault maps discovered:
D:1:      erik_arrival_orb_chamber, layout_loops_ring, serial_shops, shop,
          dreamdust_ecumenical_altar_grove
D:2:      layout_loops_cross, minivault_27, uniq_sigmund, uniq_jessica
D:3:      layout_loops_ring, portal_sewer_entry_b,
          hangedman_decor_diamond_cutter, chequers_garden,
          uniq_crazy_yiuf_cottage
D:4:      minmay_spotlight, layout_basic, minmay_temple_entry_tees,
          serial_shops, kennysheep_little_box
D:5:      layout_rooms, mainiacjoe_overflow_24_doors, fedhas_altar_fruit_tree,
          nicolae_titane
D:6:      layout_loops_ring, overflow_temple_1_default, gammafunk_ghost_icy,
          nicolae_eternal_life, minmay_pentangle
D:7:      layout_basic, mainiacjoe_overflow_small_starburst,
          nicolae_shop_overcharged_wands
D:8:      layout_layer_cave, old_standard_altar, chequers_avenue,
          nicolae_kite_square_tiling_tiny, uniq_amaemon
D:9:      layout_irregular_city, mainiacjoe_overflow_boulevard,
          gammafunk_ghost_grave, lemuel_flame_loot_1
D:10:     layout_rooms, cheibrodos_worm_habitat
D:11:     layout_long_grid, lair_entry_dummy, kennysheep_generic_room_4,
          uniq_sonja, uniq_josephine, uniq_grum
Temple:   hellmonk_temple_divided_pantheon
Lair:1:   dragon1_lemuel, layout_cave_pods, wad_woods_road_02,
          dreamdust_gnoll_shepherd, grunt_megastairs_4
Lair:2:   layout_misc_corridors, infiniplex_staircase_pool, grunt_megastairs_1
Lair:3:   layout_cave_pods, nicolae_swamp_entry_splash_gauntlet,
          nicolae_spider_entry_tight_spaces, portal_ice_cave_rime
Lair:4:   layout_loops_ring, slime_entry_1, grunt_megastairs_3,
          infiniplex_staircase_pool_2
Lair:5:   minmay_lair_end_frog_pond, layout_long_grid, serial_bayou,
          serial_bayou_lagoon_a, serial_bayou_ford_a, serial_bayou_pond_b,
          serial_bayou_pond_c, serial_bayou_lake_a, lemuel_fruit_tree,
          uniq_kirke, uniq_rupert

Skill      XL: |  1  2  3  4  5  6  7  8  9 10 11 12 13 |
---------------+----------------------------------------+-----
Axes           | 2 3 5 6 7 8 9 10 11 12 | 12.0
Throwing       | 1 3 |  3.2
Fighting       | 4 5 6 7 8 9 |  9.0
Dodging        | 1 2 |  2.1
Armour         | 5 6 8 10 12 | 12.1
Invocations    | 1 4 9 10 | 10.0
Shields        | 5 9 10 11 | 11.1

Action                     |  1- 3 |  4- 6 |  7- 9 | 10-12 | 13-15 || total
---------------------------+-------+-------+-------+-------+-------++-------
  Melee: War axe           |    67 |    94 |   382 |    68 |       ||   611
         Broad axe         |       |       |       |   548 |   245 ||   793
         Demon whip        |       |       |       |       |    15 ||    15
         Unarmed           |       |       |       |       |     3 ||     3
  Throw: Boomerang         |     1 |    20 |    87 |    50 |    75 ||   233
         Javelin           |       |       |     3 |    34 |       ||    37
 Invoke: Heroism           |       |       |     9 |    28 |     5 ||    42
         Finesse           |       |       |       |     2 |     3 ||     5
    Use: Potion            |     3 |     1 |     4 |     1 |     1 ||    10
         Scroll            |     1 |     5 |     7 |     8 |     6 ||    27
 Armour: Scale mail        |    28 |       |       |       |       ||    28
         Chain mail        |    24 |    56 |    67 |       |       ||   147
         Plate armour      |       |       |   181 |   315 |       ||   496
         Crystal plate arm |       |       |       |    70 |   194 ||   264
  Dodge: Dodged            |    31 |    40 |   131 |   208 |    96 ||   506
  Block: Buckler           |    10 |    11 |    71 |       |       ||    92
         Kite shield       |       |       |     3 |   369 |   122 ||   494
         Tower shield      |       |       |       |       |    91 ||    91

Table legend:
 A = Non-vault XP
 B = Vault XP
 C = Vault XP percentage of total XP
 D = Non-vault monster count
 E = Vault monster count
 F = Vault count percentage of total count
                 A         B        C        D         E       F
            +---------+---------+-------+---------+---------+-------
      Total |   32738 |   13206 |  28.7 |     287 |      78 |  21.4
            +---------+---------+-------+---------+---------+-------
        D:1 |      22 |       0 |   0.0 |      13 |       0 |   0.0
        D:2 |      36 |     280 |  88.6 |      13 |       2 |  13.3
        D:3 |     322 |      54 |  14.4 |      22 |       5 |  18.5
        D:4 |     472 |      45 |   8.7 |      20 |       1 |   4.8
        D:5 |     241 |       0 |   0.0 |       9 |       0 |   0.0
        D:6 |     893 |     233 |  20.7 |      22 |       5 |  18.5
        D:7 |    1626 |       0 |   0.0 |      26 |       0 |   0.0
        D:8 |    1461 |    1165 |  44.4 |      41 |       2 |   4.7
        D:9 |    3871 |       0 |   0.0 |      33 |       0 |   0.0
       D:10 |    1805 |       5 |   0.3 |      14 |       1 |   6.7
       D:11 |    2514 |    2799 |  52.7 |       7 |      12 |  63.2
     Lair:1 |    6473 |    1808 |  21.8 |      24 |       5 |  17.2
     Lair:2 |    1413 |      88 |   5.9 |       5 |       1 |  16.7
     Lair:3 |    4557 |    3928 |  46.3 |      13 |      14 |  51.9
     Lair:4 |    5344 |     947 |  15.1 |      19 |       6 |  24.0
     Lair:5 |    1688 |    1634 |  49.2 |       6 |       6 |  50.0
      Sewer |       0 |     220 | 100.0 |       0 |      18 | 100.0
            +---------+---------+-------+---------+---------+-------
